 Dungeon Crawl Stone Soup version 0.27-a0-1555-g0e7b3fb1d2 (webtiles) character file.

Game seed: 14795678858985301698

1 ezpacito the Skirmisher (level 1, -1/18 HPs)
             Began as a Demonspawn Berserker on July 14, 2021.
             Was a Follower of Trog.
             Hit by a stone thrown by a kobold (3 damage)
             ... on level 1 of the Dungeon.
             The game lasted 00:00:24 (54 turns).

ezpacito the Skirmisher (Demonspawn Berserker)        Turns: 54, Time: 00:00:24

Health: -1/18      AC:  2    Str: 17    XL:     1   Next: 16%
Magic:  1/1        EV: 12    Int:  8    God:    Trog [*.....]
Gold:   0          SH:  0    Dex: 12    Spells: 0/0 levels left

rFire    . . .     SeeInvis .   a - +0 hand axe
rCold    . . .     Faith    .   (no shield)
rNeg     . . .     Spirit   .   b - +0 animal skin
rPois    .         Reflect  .   (no helmet)
rElec    .         Harm     .   (no cloak)
rCorr    .         Rampage  .   (no gloves)
Will     .....                  (no boots)
Stlth    +.........             (no amulet)
HPRegen  0.06/turn              (no ring)
MPRegen  0.07/turn              (no ring)

@: no status effects
A: no striking features
a: Renounce Religion, Berserk


You were on level 1 of the Dungeon.
You worshipped Trog.
Trog was aware of your devotion.
You visited 1 branch of the dungeon, and saw 1 of its levels.

Inventory:

Hand Weapons
 a - a +0 hand axe (weapon)
Armour
 b - a +0 animal skin (worn)


   Skills:
 + Level 3.0 Fighting
 * Level 2.7 Axes
 + Level 1.8 Armour
 + Level 1.7 Dodging
 + Level 0.0 Stealth


You couldn't memorise any spells.
You didn't know any spells.
Your spell library was empty.

Dungeon Overview and Level Annotations

Branches:
Dungeon (1/15)

Altars:


Message History

No target in view!
Things that are here:
a +0 whip; a kobold corpse A gnoll comes into view.
It is wielding a +0 whip.
The gnoll shouts!
A gnoll is nearby!
A kobold comes into view.
It is wielding a +2 short sword of protection.
A frilled lizard comes into view.
The gnoll closely misses you.
The frilled lizard moves out of view.
You hit the gnoll.
The gnoll is lightly wounded.
The gnoll hits you with a +0 whip!
You barely miss the gnoll.
The gnoll is lightly wounded.
The gnoll completely misses you.
You hit the gnoll.
The gnoll is moderately wounded.
The gnoll barely misses you.
The kobold throws a stone.
The stone misses you.
You hit the gnoll.
The gnoll is heavily wounded.
The gnoll hits you with a +0 whip.
You hit the gnoll.
The gnoll is severely wounded.
The gnoll hits you with a +0 whip.
* * * LOW HITPOINT WARNING * * *
You aren't carrying any potions.
As you read the scroll labelled XANEMO GIONTEN, it crumbles to dust.
It is a scroll of identify.
You don't have any unidentified items.
The gnoll hits you with a +0 whip.
* * * LOW HITPOINT WARNING * * *
You barely miss the gnoll.
The gnoll is severely wounded.
The gnoll misses you. The gnoll closely misses you.
You hit the gnoll.
You kill the gnoll!
Trog accepts your kill.
The kobold throws a stone.
The stone hits you.
You die...

#.....#
###.....#
#.......#
#.......#
#.)....>#
####...##
#.K.#
#######)###.#
#......@....#
##'###+###+###
#...#...#
#...#≈.≈#
#...#≈.≈# ≈#
#...#≈.≈# ≈≈#
#...#≈.≈#≈≈.#
#...#≈.≈#≈..#
#...#...#...#


You could see a kobold.

Vanquished Creatures
  A gnoll (D:1)
  A kobold (D:1)
2 creatures vanquished.

Notes
Turn   | Place    | Note
-------+----------+-------------------------------------------
     0 | D:1      | ezpacito the Demonspawn Berserker began the quest for the
                  | Orb.
     0 | D:1      | Reached XP level 1. HP: 18/18 MP: 1/1
    54 | D:1      | Hit by a stone thrown by a kobold

Illustrated notes

Levels and vault maps discovered:
D:1:      lightli_arrival_quake, layout_basic, serial_bayou,
          serial_bayou_shore_a, serial_bayou_pond_d, serial_bayou_crossing,
          serial_bayou_pond_a, serial_shops, shop

Action                   || total
-------------------------++-------
Melee: Hand axe          ||     8
  Use: Scroll            ||     1
Dodge: Dodged            ||     6

Table legend: (Time is in decaauts)
 A = Elapsed time spent in this place.
 B = Non-inter-level travel time spent in this place.
 C = Inter-level travel time spent in this place.
 D = Time resting spent in this place.
 E = Time spent auto-exploring this place.
 F = Levels seen in this place.
 G = Mean time per level.
                   A        B        C        D        E       F      G
               +--------+--------+--------+--------+--------+-----+--------+
         Total |     55 |     55 |      0 |      0 |     26 |   1 |   55.0 |
       Dungeon |     55 |     55 |      0 |      0 |     26 |   1 |   55.0 |
               +--------+--------+--------+--------+--------+-----+--------+

Top non-repeatable levels by time:
     D:1: 55 daAuts
